 Dungeon Crawl Stone Soup version 0.31-a0-889-g1a8549509d (webtiles) character file.

Game seed: 7725623255612680734

167 Kuronicle the Ruffian (level 5, -3/25 HPs)
             Began as a Demigod Shapeshifter on Oct 16, 2023.
             Succumbed to a water moccasin's poison
             ... on level 3 of the Dungeon.
             The game lasted 00:07:16 (2040 turns).

Kuronicle the Ruffian (Demigod Shapeshifter)        Turns: 2040, Time: 00:07:17

Health: -3/25      AC: 12    Str: 19    XL:     5   Next: 2%
Magic:  7/7        EV:  6    Int: 12    God:
Gold:   138        SH:  0    Dex: 13    Spells: 4/4 levels left

rFire   + .          .
                       - Unarmed
rCold   + . .        (shield currently unavailable)
rNeg    . . .        m - +0 plate armour
rPois   +            i - +1 helmet
rElec   +            (no cloak)
rCorr   +            (no gloves)
SInv    .            (no boots)
Will    .....        (no amulet) Stlth
                     (no ring)
HPRegen 0.24/turn    (no ring)
MPRegen 0.10/turn

%: no passive effects
@: lethally poisoned (-3 -> -25), flux-form, resistant, glowing
A: glow, contaminating, reduced hp, high MP 1, forlorn, divine attributes
a: Begin Untransformation


You were on level 3 of the Dungeon.
You were something dangerously unstable.
You visited 1 branch of the dungeon, and saw 3 of its levels.

You collected 138 gold pieces.

Inventory:

Hand Weapons
 a - a +0 whip
 l - a +3 quarterstaff
Armour
 h - a +0 ring mail
 i - a +1 helmet (worn)
 m - a +0 plate armour (worn)
Talismans
 c - a beast talisman
 d - a flux talisman (active)
Scrolls
 e - 4 scrolls of identify
 g - 2 scrolls of blinking {unknown}
 j - 2 scrolls of fear {unknown}
Potions
 b - a potion of lignification
 k - a potion of heal wounds {unknown}
 n - a potion of might {unknown}


   Skills:
 * Level 1.6 Fighting
 + Level 1.5 Armour
 - Level 2.4 Dodging
 - Level 1.5 Stealth
 + Level 3.7 Unarmed Combat
 * Level 3.1 Shapeshifting


You had 4 spell levels left.
You didn't know any spells.
Your spell library was empty.

Dungeon Overview and Level Annotations

Branches:
Dungeon (3/15)


Innate Abilities, Weirdness & Mutations

You are something dangerously unstable.
You glow with magical radiation, making you easy to see and hit.
Foes you strike become dangerously contaminated with magical radiation.
Your maximum health is decreased, since you lack skill for your form.
You are incapable of wielding weapons or throwing items.
You have an increased reservoir of magic. (+10% MP)
You shall have no god before yourself.
Your divine heritage dramatically boosts your attributes as you level up.


Message History

You climb downwards.
There is a stone staircase leading up here.
No target in view!
No target in view!
Nothing quivered!
A hobgoblin comes into view.
The hobgoblin shouts!
You hear a shout!
A bat comes into view.
A water moccasin comes into view.
You miss the bat. The bat hits you but does no damage.
An adder and an orc come into view.
Found a stone.
The orc shouts!
The bat hits you. The bat hits you but does no damage.
The hobgoblin hits you but does no damage.
You hit the bat.
You kill the bat!
You hit the water moccasin but do no damage.
The water moccasin begins to glow.
The hobgoblin hits you but does no damage.
The water moccasin bites you.
You are poisoned.
The water moccasin poisons you!
You hit the water moccasin.
The water moccasin glows dangerously bright.
The water moccasin is lightly wounded.
You feel very sick.
A hobgoblin comes into view.
The hobgoblin hits you. The water moccasin bites you.
* * * LOW HITPOINT WARNING * * *
You are more poisoned.
The water moccasin poisons you!
* * * LOW HITPOINT WARNING * * *
You feel very sick.
The water moccasin attacks as it pursues you!
The water moccasin bites you but does no damage.
The water moccasin barely misses you.
It was a potion of resistance.
You feel protected.
You die...

##..#. ##....g
... ....... ..#
....... #.#
....... #.#
....... #.#
......o### #.#
......gSp###.###
(#####S#...#<..##
#.###.###..### #.
#........# #.
####.....# #.
#.....# ##
#######


You could see a water moccasin (heavy contam), an adder, an orc and a hobgoblin.

Vanquished Creatures
  An iguana (D:2)
  7 gnolls
  2 adders (D:2)
  2 worms (D:2)
  5 bats
  An endoplasm (D:1)
  A giant cockroach (D:2)
  5 goblins
  6 hobgoblins
  7 jackals (D:1)
  4 kobolds (D:1)
  2 quokkas (D:1)
  2 ball pythons (D:1)
  2 frilled lizards (D:1)
  6 rats
53 creatures vanquished.

Notes
Turn   | Place    | Note
-------+----------+-------------------------------------------
     0 | D:1      | Kuronicle the Demigod Shapeshifter began the quest for the
                  | Orb.
     0 | D:1      | Reached XP level 1. HP: 15/15 MP: 3/3
   172 | D:1      | Reached skill level 1 in Fighting
   321 | D:1      | Reached XP level 2. HP: 17/23 MP: 4/4
  1104 | D:2      | Reached XP level 3. HP: 18/28 MP: 5/5
  1182 | D:2      | Reached skill level 1 in Stealth
  1205 | D:2      | HP: 1/28 [gnoll/+0 club (8)]
  1355 | D:2      | Reached XP level 4. HP: 31/35 MP: 6/6
  1500 | D:2      | Reached skill level 1 in Armour
  1667 | D:2      | Reached XP level 5. HP: 18/41 MP: 7/7
  2033 | D:3      | Noticed a water moccasin
  2040 | D:3      | Succumbed to a water moccasin's poison

Illustrated notes

Levels and vault maps discovered:
D:1:      minmay_arrival_wavy_path, layout_loops_ring
D:2:      layout_rooms, hellmonk_ecumenical_altar_lost_god
D:3:      layout_rooms, chei_slow_surprise

Skill      XL: |  1  2  3  4 |
---------------+-------------+-----
Fighting       | 1 |  1.6
Unarmed Combat | 3 |  3.7
Dodging        | 2 |  2.4
Stealth        | 1 |  1.5
Shapeshifting  | 3 |  3.1
Armour         | 1 |  1.5

Action                     |  1- 3 |  4- 6 || total
---------------------------+-------+-------++-------
  Melee: Unarmed           |   121 |    68 ||   189
         Punch             |     2 |     1 ||     3
    Use: Scroll            |     1 |       ||     1
         Potion            |     1 |     1 ||     2
   Stab: Sleeping          |     1 |       ||     1
 Armour: Animal skin       |    30 |       ||    30
         Ring mail         |    30 |    32 ||    62
         Plate armour      |       |    13 ||    13
  Dodge: Dodged            |    85 |    31 ||   116
   Form: Flux              |       |     1 ||     1

Table legend: (Time is in decaauts)
 A = Elapsed time spent in this place.
 B = Non-inter-level travel time spent in this place.
 C = Inter-level travel time spent in this place.
 D = Time resting spent in this place.
 E = Time spent auto-exploring this place.
 F = Levels seen in this place.
 G = Mean time per level.
                   A        B        C        D        E       F      G
               +--------+--------+--------+--------+--------+-----+--------+
         Total |   2029 |   1707 |    322 |    271 |   1033 |   3 |  676.3 |
       Dungeon |   2029 |   1707 |    322 |    271 |   1033 |   3 |  676.3 |
               +--------+--------+--------+--------+--------+-----+--------+

Top non-repeatable levels by time:
     D:1: 1159 daAuts
     D:2: 850 daAuts
     D:3: 19 daAuts
